 Dungeon Crawl Stone Soup version 0.24.1 (webtiles) character file.

Game seed: 6963804246315037440, levelgen mode: deterministic

581 Destapler the Grave Robber (level 7, 0/51 HPs)
             Began as a Mummy Necromancer on Mar 31, 2020.
             Shot with an arrow by a centaur (7 damage)
             ... on level 7 of the Dungeon.
             The game lasted 00:18:16 (3894 turns).

Destapler the Grave Robber (Mummy Necromancer)      Turns: 3894, Time: 00:18:18

Health: 0/51       AC:  4    Str: 11    XL:     7   Next: 13%
Magic:  10/13      EV: 13    Int: 17    God:
Gold:   219        SH:  0    Dex: 12    Spells: 8/14 levels left

rFire    . . .     SeeInvis .   a - +0 dagger
rCold    + . .     Gourm    .   (no shield)
rNeg     + + +     Faith    .   c - +0 robe
rPois    ∞         Spirit   .   l - +0 helmet
rElec    .         Reflect  .   (no cloak)
rCorr    .         Harm     .   (no gloves)
MR       .....                  g - +0 pair of boots
Stlth    ++........             (no amulet)
HPRegen  0.17/turn              d - ring of protection from fire
MPRegen  0.13/turn              (no ring)

@: no status effects
A: no food or potions, fire vulnerability, cold resistance 1, negative energy
resistance 3, torment resistance, unbreathing
a: no special abilities


You were on level 7 of the Dungeon.
You were not hungry.

You visited 1 branch of the dungeon, and saw 5 of its levels.

You collected 219 gold pieces.

Inventory:

Hand Weapons
 a - a +0 dagger (weapon)
Missiles
 j - 6 poisoned darts (quivered)
Armour
 c - a +0 robe (worn)
 g - a +0 pair of boots (worn)
 l - a +0 helmet (worn)
Jewellery
 d - a ring of protection from fire (left hand)
 k - a +2 ring of slaying {unknown}
Wands
 n - a wand of polymorph (10)
Scrolls
 b - 3 scrolls of enchant armour {unknown}
 e - 2 scrolls of remove curse {unknown}
 f - 2 scrolls of amnesia {unknown}
 h - 4 scrolls of identify {unknown}
 i - 6 scrolls of teleportation {unknown}
 m - a scroll of magic mapping {unknown}
 o - a scroll of blinking {unknown}


   Skills:
 + Level 2.6 Fighting
 + Level 2.8 Dodging
 - Level 1.5 Stealth
 + Level 4.4 Spellcasting
 + Level 1.8 Hexes
 - Level 6.0 Necromancy
 + Level 1.6 Ice Magic


You had 8 spell levels left.
You knew the following spells:

 Your Spells              Type           Power        Failure   Level  Hunger
a - Pain                  Necr           ###.         1%          1    N/A
b - Vampiric Draining     Necr           ###.......   3%          3    N/A
c - Ensorcelled Hibernat  Hex/Ice        #.....       11%         2    N/A

Your spell library contained the following spells:

 Spells                   Type           Power        Failure   Level  Hunger
 Animate Skeleton         Necr           N/A          1%          1    N/A
 Corona                   Hex            ##.....      7%          1    N/A
 Animate Dead             Necr           N/A          13%         4    N/A
 Confuse                  Hex            ##......     22%         3    N/A
 Tukima's Dance           Hex            ##......     22%         3    N/A
 Dazzling Spray           Conj/Hex       #.....       30%         3    N/A
 Regeneration             Chrm/Necr      Unusable     N/A         3    N/A

Dungeon Overview and Level Annotations

Branches:
Dungeon (4/15)
 Temple: D:4-7

Altars:
Sif Muna
Xom


Innate Abilities, Weirdness & Mutations

You do not eat or drink.
Your flesh is vulnerable to fire.
You are immune to poison.
Your flesh is cold resistant. (rC+)
You are immune to negative energy. (rN+++)
You are immune to unholy pain and torment.
You can survive without breathing.


Message History

You open the door.
The centaur is too close now for your liking.
There is an open door here.
The centaur shouts!
A centaur comes into view.
The centaur wields a +0 shortbow.
The centaur shoots an arrow.
The arrow closely misses you.
You see here an arrow.
The centaur shouts!
The centaur wields a +0 shortbow.
The centaur shoots an arrow.
The arrow hits you!
The centaur shoots an arrow.
The arrow hits you!
You see here 2 arrows.
The centaur shoots an arrow.
The arrow hits you!
* * * LOW HITPOINT WARNING * * *
The centaur shoots an arrow.
The arrow hits you!
* * * LOW HITPOINT WARNING * * *
The centaur shoots an arrow.
The arrow hits you.
* * * LOW HITPOINT WARNING * * *
The centaur shoots an arrow.
The arrow hits you!
You die...

....
#.#..........#.#.
..cc.
#.#.########.#.#.
..... #.#.#
#.#.#. .....
#.#.# ####.#)#.
....##.#.#
#........
.....#.#
#......## #...#.#
#......# #...#.#
#......# +(@.'.#
#......# #...###
#......# #...#
#......# #...#
####+### #...#
#####


You could see 2 centaurs.

Vanquished Creatures
  Eustachio (D:4)
  A black bear (D:4)
  A scorpion (D:7)
  An orc priest (D:3)
  2 orc wizards
  Natasha (twice) (D:4)
  A worker ant zombie (D:7)
  6 adders
  An ooze (D:2)
  3 worms
  2 dart slugs
  3 leopard geckos
  7 orcs
  5 giant cockroaches
  9 goblins
  11 hobgoblins
  5 jackals (D:1)
  A quokka (D:3)
  11 bats
  8 frilled lizards
  7 kobolds
  8 rats
96 creatures vanquished.

Notes
Turn   | Place    | Note
-------+----------+-------------------------------------------
     0 | D:1      | Destapler the Mummy Necromancer began the quest for the
                  | Orb.
     0 | D:1      | Reached XP level 1. HP: 13/13 MP: 4/4
   273 | D:1      | Reached XP level 2. HP: 14/19 MP: 3/5
   980 | D:2      | Reached skill level 5 in Necromancy
   998 | D:2      | Reached XP level 3. HP: 23/24 MP: 1/7
  1003 | D:2      | Learned a level 3 spell: Vampiric Draining
  1397 | D:2      | Reached XP level 4. HP: 30/30 MP: 1/8
  1610 | D:2      | Found a shimmering blue altar of Sif Muna.
  1907 | D:3      | Reached skill level 1 in Fighting
  1907 | D:3      | Reached XP level 5. HP: 34/37 MP: 0/9
  2177 | D:3      | Reached skill level 6 in Necromancy
  2915 | D:4      | Learned a level 2 spell: Ensorcelled Hibernation
  2964 | D:4      | Found a shimmering altar of Xom.
  2993 | D:4      | Noticed Natasha
  3015 | D:4      | Killed Natasha
  3092 | D:4      | Noticed a black bear
  3108 | D:4      | Noticed Eustachio
  3109 | D:4      | Killed a black bear
  3109 | D:4      | Reached skill level 1 in Hexes
  3109 | D:4      | Reached XP level 6. HP: 30/44 MP: 4/11
  3335 | D:4      | Killed Eustachio
  3335 | D:4      | Reached skill level 1 in Ice Magic
  3358 | D:4      | Noticed Natasha
  3432 | D:4      | Killed Natasha
  3443 | D:4      | You fall into a shaft and drop 3 floors!
  3483 | D:7      | Reached XP level 7. HP: 12/51 MP: 0/13
  3894 | D:7      | Shot with an arrow by a centaur

Levels and vault maps discovered:
D:1:      wheals_arrival_shading, layout_loops_ring
D:2:      layout_basic, lemuel_blue_sif_altar, minmay_lizard_king
D:3:      layout_loops_ring
D:4:      layout_rooms, kennysheep_mini_moat, minmay_temple_entry_junction,
          uniq_natasha, uniq_eustachio
D:7:      minmay_angry_zag, layout_basic, makhleb_heckhound_becter,
          serial_shops, shop_fountains, gammafunk_ghost_arena

Skill      XL: |  1  2  3  4  5  6 |
---------------+-------------------+-----
Necromancy     | 5 6 |  6.0
Spellcasting   | 3 4 |  4.4
Fighting       | 1 2 |  2.6
Dodging        | 2 |  2.8
Hexes          | 1 |  1.8
Ice Magic      | 1 |  1.6
Stealth        | |  1.5

Action                   |  1- 3 |  4- 6 |  7- 9 || total
-------------------------+-------+-------+-------++-------
Melee: Unarmed           |     3 |       |       ||     3
       Dagger            |    16 |    35 |    48 ||    99
Throw: Dart              |     1 |    14 |       ||    15
 Cast: Pain              |    77 |   110 |     4 ||   191
       Ensorcelled Hiber |       |     4 |       ||     4
       Vampiric Draining |       |       |     5 ||     5
 Stab: Sleeping          |     3 |     2 |       ||     5
Armor: Robe              |     3 |    20 |     3 ||    26
Dodge: Dodged            |    12 |    50 |    31 ||    93
